Map: Backwater LE

Players

Elazer - Winner!

  • Race: Zerg Zerg
  • Spawn Location: 5:00

True

  • Race: Zerg Zerg
  • League: Master
  • Spawn Location: 11:00

Event: Memes & Dreams Invitational

VOD

Have the link to the VOD?

Description

Time

  • Played on: April 14, 2018, 2:19 a.m.
  • Length: 6:26

All games in this series

Show
View Real Time Build Order
Export as new Build Order

Elazer Zerg - Winner!

Build Orders: Hatch First 

Get SALT Encoding   

  12  0:01  Drone  
  13  0:12  Overlord  
  13  0:17  Drone  
  14  0:30  Drone  
  14  0:31  Drone  
  16  0:47  Hatchery  
  15  0:51  Drone  
  15  0:54  Drone  
  17  1:08  Spawning Pool  
  17  1:11  Drone  
  17  1:14  Drone  
  18  1:35  Hatchery  
  18  1:38  Drone  
  18  1:41  Drone  
  18  1:44  Drone  
  20  1:54  Queen  
  22  2:02  Queen  
  22  2:08  Overlord  
  24  2:10  Drone  
  24  2:13  Drone  
  26  2:16  Drone  
  26  2:18  Drone  
  28  2:26  Drone x2  
  30  2:31  Queen  
  32  2:38  Queen  
  32  2:41  Drone  
  32  2:43  Zergling x2  
  36  2:47  Drone x2  
  36  2:50  Drone  
  39  2:53  Drone  
  39  2:56  Overlord  
  39  2:57  Drone  
  41  3:00  Extractor  
  41  3:01  Extractor  
  41  3:02  Drone  
  41  3:04  Drone  
  41  3:15  Roach Warren  
  41  3:16  Evolution Chamber  
  41  3:17  Evolution Chamber  
  38  3:20  Overlord  
  38  3:21  Drone  
  38  3:24  Drone  
  38  3:26  Drone  
  38  3:27  Drone  
  42  3:30  Overlord  
  42  3:39  Overlord  
  41  3:43  Drone x3  
  41  3:44  Drone  
  41  3:47  Drone x2  
  47  3:51  Drone  
  47  3:52  Drone  
  47  3:53  Drone  
  50  3:58  Extractor  
  50  3:59  Metabolic Boost  
  49  4:03  Overlord  
  49  4:13  Overlord  
  49  4:16  Roach  
  51  4:21  Roach  
  55  4:24  Roach  
  55  4:25  Overlord  
  55  4:31  Roach  
  55  4:32  Roach x4  
  55  4:34  Roach  
  67  4:39  Roach  
  67  4:40  Roach  
  67  4:43  Overlord  
  67  4:44  Roach  
  73  4:49  Roach x2  
  77  4:54  Roach  
  77  4:55  Roach  
  77  4:59  Roach  
  81  5:01  Roach  
  81  5:02  Overlord  
  81  5:04  Roach  
  85  5:07  Roach  
  85  5:08  Overlord  
  85  5:10  Roach  
  85  5:13  Zergling x6  
  92  5:15  Zergling x2  
  92  5:16  Zergling x2  
  92  5:19  Zergling x2  
  95  5:22  Zergling x4  
  95  5:28  Zergling x2, Ravager x2  
  98  5:31  Zergling x2  
  98  5:32  Zergling x6  
  98  5:33  Zergling x2  
  98  5:34  Zergling x2  
  106  5:36  Zergling x2  
  106  5:39  Zergling x4, Ravager  
  106  5:41  Zergling x2  
  111  5:44  Zergling x2  
  111  5:47  Ravager  
  111  5:48  Zergling x2  
  114  5:54  Zergling x6  
  111  6:02  Zergling x6  
  106  6:05  Ravager  
  110  6:15  Ravager  
  110  6:17  Ravager  
Show
View Real Time Build Order
Export as new Build Order

True Zerg 

Build Orders: Hatch First 

Get SALT Encoding   

  12  0:00  Drone  
  13  0:12  Overlord  
  13  0:16  Drone  
  14  0:30  Drone x2  
  14  0:34  Drone  
  17  0:51  Hatchery  
  17  0:54  Drone  
  17  1:00  Extractor, Drone  
  17  1:13  Spawning Pool  
  17  1:15  Drone  
  17  1:19  Drone  
  18  1:28  Drone  
  19  1:38  Overlord  
  19  1:50  Drone  
  20  1:56  Evolution Chamber  
  20  1:59  Queen  
  21  2:05  Queen  
  23  2:09  Drone  
  23  2:12  Drone  
  23  2:15  Drone  
  26  2:18  Drone  
  26  2:21  Drone  
  28  2:26  Drone  
  29  2:33  Drone  
  29  2:36  Zerg Ground Armor Level 1  
  30  2:48  Hatchery  
  29  2:56  Drone  
  29  2:57  Drone  
  31  3:02  Overlord  
  32  3:05  Zergling x2  
  32  3:06  Drone  
  32  3:09  Drone  
  34  3:15  Zergling x2  
  35  3:24  Drone x2, Queen  
  35  3:25  Drone  
  40  3:28  Drone  
  40  3:32  Drone  
  42  3:35  Drone  
  43  3:47  Overlord  
  43  3:50  Drone, Overlord  
  43  3:53  Overlord  
  44  4:01  Baneling Nest  
  43  4:06  Zergling x10  
  48  4:14  Lair  
  48  4:15  Drone x5  
  48  4:16  Drone  
  54  4:19  Roach Warren  
  54  4:21  Extractor  
  54  4:22  Drone, Extractor  
  53  4:24  Extractor  
  53  4:25  Drone  
  53  4:26  Drone  
  54  4:33  Drone x3, Overlord  
  54  4:38  Drone  
  58  4:39  Drone  
  58  4:43  Drone  
  58  4:44  Extractor  
  59  4:47  Overlord  
  59  4:52  Overlord  
  59  4:59  Overlord  
  56  5:03  Drone  
  56  5:04  Drone  
  56  5:05  Drone x2  
  61  5:07  Drone x2  
  61  5:10  Roach x4  
  61  5:13  Overlord  
  70  5:14  Roach  
  70  5:17  Roach  
  73  5:21  Roach  
  73  5:25  Roach  
  73  5:28  Roach  
  76  5:32  Roach x3  
  76  5:33  Roach  
  76  5:34  Roach  
  86  5:37  Roach  
  86  5:39  Roach  
  92  5:42  Roach  
  92  5:43  Roach  
  92  5:45  Roach  
  92  5:48  Roach  
  98  5:50  Roach  
  98  5:51  Roach  
  98  5:54  Roach  
  98  5:56  Roach  
  100  5:59  Roach  
  100  6:02  Roach x2  
  92  6:05  Roach  
Tags
 
Add a new tag
Caveats
  • Supply blocks, unpowered buildings, or Contaminate may cause inaccurate times.
  • Supply counts are checked every 10 seconds.